 Dungeon Crawl Stone Soup version 0.31-a0-675-g238779eb0a (webtiles) character file.

Game seed: 6820320182982062374

11 Bravepunisher the Ducker (level 2, 16/16 HPs)
             Began as a Spriggan Monk on Sept 5, 2023.
             Quit the game in the Ecumenical Temple.
             The game lasted 00:02:39 (497 turns).

Bravepunisher the Ducker (Spriggan Monk)             Turns: 497, Time: 00:02:39

Health: 16/16      AC:  3    Str:  7    XL:     2   Next: 17%
Magic:  3/3        EV: 19    Int: 11    God:
Gold:   25         SH:  0    Dex: 17    Spells: 1/1 levels left

rFire   . . .        a - +0 short sword
rCold   . . .        d - orb {light}
rNeg    . . .        b - +0 robe
rPois   .            (helmet restricted)
rElec   .            h - +0 cloak
rCorr   .            (gloves unavailable)
SInv    +            (boots unavailable)
Will    .....        (no amulet)
Stlth   +            (no ring)
HPRegen 0.22/turn    (no ring)
MPRegen 0.08/turn

%: no passive effects
@: glowing, very quick
A: very small, no large weapons, unfitting armour, see invisible, speed 3
a: no special abilities


You were in the Ecumenical Temple.
You visited 2 branches of the dungeon, and saw 8 of its levels.

You collected 25 gold pieces.

Inventory:

Hand Weapons
 a - a +0 short sword (weapon)
Armour
 b - a +0 robe (worn)
 d - an orb of light (worn)
 h - a +0 cloak (worn)
Jewellery
 j - an amulet of regeneration
Wands
 i - a wand of polymorph (10)
Scrolls
 e - a scroll of identify
 g - a scroll of fear
Potions
 c - a potion of ambrosia
 f - a potion of brilliance {unknown}


   Skills:
 + Level 2.6 Fighting
 - Level 3.2 Short Blades
 * Level 4.6 Dodging


You had one spell level left.
You didn't know any spells.
Your spell library contained the following spells:

 Spells                   Type           Power      Damage    Failure   Level
 Ensorcelled Hibernation  Hex/Ice        0%         N/A       47%         2
 Anguish                  Hex/Necr       0%         N/A       98%         4


Dungeon Overview and Level Annotations

Branches:
Dungeon (7/15)             Temple (1/1) D:6

Altars:
Ashenzari
Cheibriados
Dithmenos
Fedhas
Gozag
Kikubaaqudgha
Nemelex Xobeh
Okawaru
Qazlal
Ru
Sif Muna
Uskayaw
Wu Jian
Xom
Yredelemnul
Zin
The Shining One

Portals:
Ossuary: D:6

Annotations:
Temple 4 transporters


Innate Abilities, Weirdness & Mutations

You are very small and have problems with some larger weapons.
You are too small for most types of armour.
You have supernaturally acute eyesight. (SInv)
You cover ground extremely quickly. (Speed+++)


Message History

Found an orcbow.
There is a stone staircase leading up here.
Found a dagger.
You see here a +0 orcbow.
Found a sand-covered staircase.
There is a sand-covered staircase here.
Found a stone staircase leading down.
j - an amulet of regeneration
There is a stone staircase leading down here.
You climb downwards.
Found 2 boomerangs and a ring mail.
Found a stone staircase leading down.
There is a stone staircase leading up here.
Found a leather armour.
A hornet comes into view.
The hornet buzzes angrily.
You see here 2 boomerangs.
There is a stone staircase leading up here.
You climb upwards.
You hear the hiss of flowing sand.
There is an entrance to an ossuary on this level.
Hurry and find it before the portal is buried!
There is a stone staircase leading down here.
You now have 25 gold pieces (gained 19).
A sleepcap comes into view.
An adder comes into view.
Found a staircase to the Ecumenical Temple.
The adder hisses angrily.
A scorpion comes into view.
You hear the slow hiss of a distant avalanche of sand.
A sleepcap comes into view.
Found a scroll of fear.
There is a staircase to the Ecumenical Temple here.
You climb downwards.
Welcome to the Ecumenical Temple!
Found eight altars.
Found a staircase back to the Dungeon.
Found two transporters.
There is a staircase back to the Dungeon here.
Found two transporters.
Found a sparkling altar of Nemelex Xobeh and an opulent altar of Gozag.
Found four altars.
Found an iron altar of Okawaru.
Found an ancient bone altar of Kikubaaqudgha.
Are you sure you want to abandon this character and quit the game? (Confirm with "yes".)

##...._....##
#_........._#
##...........##
##..._...._....##
##...............##
#..._...©.©.._..._#
#####################
#........©8©........#
#_......@.........<.#
#........©8©........#
#####################
#_.._...©.©.._..._#
##...............##
##.............##
##.._...._...##
#_........._#
##.........##


There were no monsters in sight!

Vanquished Creatures
  A dart slug (D:2)
  A bat (D:2)
  2 endoplasms (D:2)
  A giant cockroach (D:2)
  A hobgoblin (D:2)
  A quokka (D:2)
  A frilled lizard (D:3)
8 creatures vanquished.

Notes
Turn   | Place    | Note
-------+----------+-------------------------------------------
     0 | D:1      | Bravepunisher the Spriggan Monk began the quest for the
                  | Orb.
     0 | D:1      | Reached XP level 1. HP: 11/11 MP: 2/2
   125 | D:2      | Reached XP level 2. HP: 10/16 MP: 3/3
   322 | D:4      | Noticed an ogre
   360 | D:5      | Entered Level 5 of the Dungeon
   397 | D:5      | Noticed an ogre
   423 | D:6      | Found a sand-covered staircase.
   444 | D:7      | Noticed a hornet
   475 | D:6      | Found a staircase to the Ecumenical Temple.
   480 | D:6      | Noticed a scorpion
   486 | Temple   | Found a transporter.
   486 | Temple   | Found a transporter.
   486 | Temple   | Found a transporter.
   486 | Temple   | Found a transporter.
   486 | Temple   | Entered the Ecumenical Temple
   497 | Temple   | Quit the game

Illustrated notes

Levels and vault maps discovered:
D:1:      lemuel_arrival_hallway, layout_loops_ring, kennysheep_doodads
D:2:      layout_basic, grunt_decor_junction
D:3:      layout_basic
D:4:      layout_cave_pools, makhleb_blood_cavern_becter,
          mainiacjoe_overflow_small_starburst, minmay_circle_x,
          uniq_crazy_yiuf_cottage, uniq_menkaure
D:5:      layout_basic, elyvilon_altar_3
D:6:      minmay_octagon_keep, layout_loops_ring,
          nicolae_hepliaklqana_hippocampus, minmay_temple_entry_ruins,
          lightli_ossuary_entry_decrepit_ruins, uniq_maggie
D:7:      gammafunk_beogh_shrine, layout_layer_cave, lemuel_crystal_altar,
          gammafunk_ghost_necromancy, kennysheep_small_square, uniq_pikel,
          uniq_jeremiah
Temple:   hellmonk_temple_divided_pantheon

Action                     || total
---------------------------++-------
  Melee: Short sword       ||    27
  Evoke: Wand              ||     2
    Use: Scroll            ||     2
   Stab: Sleeping          ||     1
 Armour: Robe              ||     8
  Dodge: Dodged            ||    20

Table legend: (Time is in decaauts)
 A = Elapsed time spent in this place.
 B = Non-inter-level travel time spent in this place.
 C = Inter-level travel time spent in this place.
 D = Time resting spent in this place.
 E = Time spent auto-exploring this place.
 F = Levels seen in this place.
 G = Mean time per level.
                   A        B        C        D        E       F      G
               +--------+--------+--------+--------+--------+-----+--------+
         Total |    353 |    353 |      0 |      0 |    200 |   8 |   44.1 |
       Dungeon |    346 |    346 |      0 |      0 |    200 |   7 |   49.4 |
        Temple |      6 |      6 |      0 |      0 |      0 |   1 |    6.0 |
               +--------+--------+--------+--------+--------+-----+--------+

Top non-repeatable levels by time:
     D:2: 178 daAuts
     D:3: 51 daAuts
     D:6: 48 daAuts
     D:5: 27 daAuts
     D:4: 25 daAuts
     D:1: 8 daAuts
  Temple: 6 daAuts
     D:7: 5 daAuts
